 Dungeon Crawl Stone Soup version 0.29.1-15-g9cfb28693d (webtiles) character file.

Game seed: 6471012906400054932

86 leafyfresh the Sneak (level 4, -5/33 HPs)
             Began as an Octopode Delver on Apr 6, 2023.
             Killed from afar by a white imp (11 damage)
             ... with a puff of frost
             ... on level 5 of the Dungeon.
             The game lasted 00:00:21 (194 turns).

leafyfresh the Sneak (Octopode Delver)               Turns: 194, Time: 00:00:21

Health: -5/33      AC:  1    Str: 11    XL:     4   Next: 49%
Magic:  4/4        EV: 13    Int: 14    God:
Gold:   0          SH:  0    Dex: 13    Spells: 3/3 levels left

rFire   . . .      SeeInvis .   a - +0 short sword
rCold   . . .      Faith    .   (no shield)
rNeg    . . .      Spirit   .   (helmet restricted)
rPois   .          Reflect  .   (no amulet)
rElec   .          Harm     .   (no ring)
rCorr   .          Rampage  .   (no ring)
Will    .....                   (no ring)
Stlth   ++++......              (no ring)
HPRegen 0.11/turn               (no ring)
MPRegen 0.09/turn               (no ring)
                                (no ring)
                                (no ring)

@: no status effects
A: almost no armour, amphibious, 8 rings, camouflage 1, gelatinous body 1,
(nimble swimmer 1), tentacles
a: no special abilities


You were on level 5 of the Dungeon.
You visited 1 branch of the dungeon, and saw 1 of its levels.

Inventory:

Hand Weapons
 a - a +0 short sword (weapon)
Wands
 f - a wand of digging (3)
Scrolls
 b - a scroll of fog
 c - a scroll of magic mapping
 d - a scroll of fear
Potions
 e - a potion of haste


   Skills:
 + Level 3.6 Fighting
 - Level 2.6 Short Blades
 + Level 2.9 Dodging
 + Level 7.3 Stealth


You had 3 spell levels left.
You didn't know any spells.
Your spell library was empty.

Dungeon Overview and Level Annotations

Branches:
Dungeon (5/15)
 Temple: D:4-7

Altars:


Innate Abilities, Weirdness & Mutations

You cannot wear most types of armour.
You are amphibious.
You can wear up to eight rings at the same time.
Your skin changes colour to match your surroundings (Stealth+).
Your rubbery body absorbs attacks. (AC +1, EV +1)
((You are camouflaged when in or above water. (Stealth+)))
You have tentacles for arms and can constrict up to eight enemies at once.


Message History

You hit the hound. You grab the hound.
The hound is lightly wounded.
You constrict the hound, but do no damage.
The hound bites you.
You hit the hound.
The hound is moderately wounded.
You constrict the hound. The hound closely misses you. The hound bites you.
You hit the hound but do no damage.
The hound is moderately wounded.
You constrict the hound, but do no damage.
The hound bites you.
You hit the hound.
The hound is heavily wounded.
You constrict the hound. The hound misses you. The hound bites you.
You hit the hound but do no damage. You squeeze the hound.
The hound is severely wounded.
You constrict the hound.
The white imp shouts!
The hound bites you.
You are too injured to fight recklessly!
You are too injured to fight recklessly!
You are too injured to fight recklessly!
Unknown command.
You hit the hound.
You kill the hound!
You have reached level 4!
You are too injured to fight recklessly!
You are too injured to fight recklessly!
Unknown command.
A white imp is nearby!
A white imp is nearby!
You are too injured to fight recklessly!
A white imp is nearby!
Unknown command.
The white imp gestures at you. The puff of frost hits you!
* * * LOW HITPOINT WARNING * * *
The white imp gestures at you. The puff of frost hits you!
You die...

#..# ##.###.#.## #..#
#.....#### ..
#..###.....# ...
####..........####...
.$.....#...............
#####.###...###......#
#..#....##.#.....#
##.........#.....#
#@###..##.......#
#..5.# #..##.#.....#
#......# #...>[###...#
...[...## #.###.# ###
......# #.# #... ......
#. ###.# ...... .. ##
......


You could see a white imp.

Vanquished Creatures
  A necrophage (D:5)
  A hound (D:5)
2 creatures vanquished.

Notes
Turn   | Place    | Note
-------+----------+-------------------------------------------
     0 | D:5      | leafyfresh the Octopode Delver began the quest for the Orb.
     0 | D:5      | Reached XP level 1. HP: 16/16 MP: 1/1
    25 | D:5      | Noticed a necrophage
    34 | D:5      | Killed a necrophage
    35 | D:5      | Reached skill level 7 in Stealth
    35 | D:5      | Reached XP level 2. HP: 12/21 MP: 2/2
    35 | D:5      | Reached XP level 3. HP: 15/26 MP: 3/3
   191 | D:5      | Reached XP level 4. HP: 15/33 MP: 4/4
   194 | D:5      | Killed from afar by a white imp

Illustrated notes

Levels and vault maps discovered:
D:5:      layout_loops_ring, mainiacjoe_overflow_brackets,
          mainiacjoe_overflow_alcove_1, minivault_24, minmay_ruined_shrine,
          uniq_pikel

Skill      XL: |  1 |
---------------+----+-----
Stealth        | 7 |  7.3
Fighting       | |  3.6
Short Blades   | |  2.6
Dodging        | |  2.9

Action                   |  1- 3 |  4- 6 || total
-------------------------+-------+-------++-------
Melee: Short sword       |    13 |       ||    13
       Tentacles         |     4 |       ||     4
       Constrict         |     2 |       ||     2
Armor: Skin              |     1 |       ||     1
Dodge: Dodged            |     9 |       ||     9
